 Dungeon Sprint DCSS version 0.29-a0-723-gce39da1c22 (webtiles) character file.

Game seed: 7369538262927620294

57206 manyhoops the Wrestler (level 14, -2/161 HPs)
             Began as a Troll Berserker on June 28, 2022.
             Was the Champion of Trog.
             Succumbed to Gloorx Vloq's dark miasma
             ... in the Dungeon (Sprint II: "The Violet Keep of Menkaure").
             The game lasted 00:35:04 (4059 turns).

manyhoops the Wrestler (Troll Berserker)            Turns: 4059, Time: 00:35:05

Health: -2/161     AC: 22    Str: 43    XL:     14   Next: 44%
Magic:  13/13      EV: 14    Int:  9    God:    Trog [******]
Gold:   3298       SH:  0    Dex:  9    Spells: 13/13 levels left

rFire   . . .      SeeInvis .     - Unarmed
rCold   + + .      Faith    .   (no shield)
rNeg    + + +      Spirit   .   Q - quicksilver dragon scales
rPois   .          Reflect  .   D - +2 hat
rElec   .          Harm     .   c - +0 cloak
rCorr   +          Rampage  .   (gloves unavailable)
Will    ++...      NoTele   +   (boots unavailable)
Stlth   ..........              x - amulet of Zaolip {rC+ rN+++ Regen+ rCorr}
HPRegen 1.96/turn               d - +6 ring of strength
MPRegen 0.13/turn               l - ring of Xoimun {Contam rC+ rN+ Str+5 Int+6}

@: mighty, lethally poisoned (-2 -> -58), silenced, hasted and slowed
A: large, unfitting armour, claws 3, regeneration 1, shaggy fur 1, tough skin 1,
talons 1, evolution 1
a: Renounce Religion


You were in the Dungeon.
You worshipped Trog.
Trog was exalted by your worship.
You visited 1 branch You collected 7112 gold pieces.
You spent 3814 gold pieces at shops.

Inventory:

Hand Weapons
 f - the +11 great sword of Spontaneous Combustion {vorpal, rC+ Stlth+}
   (Trog gifted it to you in the Dungeon)

   It inflicts extra damage upon your enemies.
   rC:        It protects you from cold.
   Stlth:     It makes you more stealthy.
 B - a +10 giant club of flaming
Missiles
 z - 3 atropa-tipped darts (quivered)
 A - 5 javelins
Armour
 a - +0 storm dragon scales
 c - a +0 cloak (worn)
 v - a +2 robe of fire resistance
 D - a +2 hat (worn)
 Q - quicksilver dragon scales (worn)
Jewellery
 d - a +6 ring of strength (left claw)
 h - the ring "Alomibb" {rN+ AC+4}
   (You bought it in a shop in the Dungeon)

   [ring of protection]

   AC:        It affects your AC (+4).
   rN:        It protects you from negative energy.
 l - the ring of Xoimun (right claw) {Contam rC+ rN+ Str+5 Int+6}
   (You acquired it in the Dungeon)

   [ring of intelligence]

   Str:       It affects your strength (+5).
   Int:       It affects your intelligence (+6).
   rC:        It protects you from cold.
   rN:        It protects you from negative energy.
   Contam:    It causes magical contamination when unequipped.
 x - the amulet of Zaolip (around neck) {rC+ rN+++ Regen+ rCorr}
   (You bought it in a shop in the Dungeon)

   [amulet of regeneration]

   rC:        It protects you from cold.
   rN:        It renders you almost immune to negative energy.
   Regen:     It increases your rate of health regeneration.
   rCorr:     It protects you from acid and corrosion.
 E - the ring "Anohimm" {rN+++ rCorr Str+4 Dex-2 Stlth+}
   (You found it in the Dungeon)

   [ring of resist corrosion]

   Str:       It affects your strength (+4).
   Dex:       It affects your dexterity (-2).
   rN:        It renders you almost immune to negative energy.
   rCorr:     It protects you from acid and corrosion.
   Stlth:     It makes you more stealthy.
 F - a ring of positive energy
 G - an amulet of regeneration
 H - an amulet of magic regeneration
 K - the ring "Ecuarph" {rElec rF+ Str-2 Int+6 SInv}
   (You found it in the Dungeon)

   [ring of intelligence]

   Str:       It affects your strength (-2).
   Int:       It affects your intelligence (+6).
   rF:        It protects you from fire.
   rElec:     It insulates you from electricity.
   SInv:      It lets you see invisible.
 L - a ring of see invisible
 N - an amulet of reflection
 P - a ring of protection from cold
Scrolls
 g - 2 scrolls of blinking
 i - 5 scrolls of fog
 m - a scroll of enchant weapon
 n - a scroll of magic mapping
 u - 3 scrolls of fear
 M - 3 scrolls of identify
Potions
 b - a potion of curing
 e - 14 potions of magic
 j - a potion of heal wounds
 k - 2 potions of lignification
 o - a potion of ambrosia
 p - 23 potions of mutation
 q - 6 potions of flight
 r - 8 potions of haste
 s - 2 potions of invisibility
 t - 3 potions of resistance
 C - 2 potions of cancellation
 O - a potion of brilliance {unknown}
Miscellaneous
 I - a condenser vane
 J - a condenser vane


   Skills:
 + Level 15.7 Fighting
 - Level 18.4 Armour
 - Level 18.1 Dodging
 - Level 24.9 Unarmed Combat


You had 13 spell levels left.
You didn't know any spells.
Your spell library was empty.

Dungeon Overview and Level Annotations

Branches:
Dungeon (1/1)

Altars:
Cheibriados
Dithmenos
Elyvilon
Fedhas
Gozag
Hepliaklqana
Kikubaaqudgha
Makhleb
Nemelex Xobeh
Okawaru
Qazlal
Ru
Sif Muna
Trog
Uskayaw
Vehumet
Wu Jian
Xom
Yredelemnul
Zin
The Shining One
Beogh
Jiyva
Lugonu

Shops:
D (==*:(*[!:[?[[(((?:::=[=!?:*[::?=

Annotations:
D Gloorx Vloq, Lernaean hydra


Innate Abilities, Weirdness & Mutations

You are too large for most types of armour.
You have claws for hands.
Your natural rate of healing is unusually fast.
You are covered in fur. (AC +1)
You have tough skin. (AC +1)
You have sharp toenails.
You have hidden genetic potential.


Message History

The royal mummy calls on the powers of darkness!
Your body is wracked with pain!
Gloorx Vloq hits you!!
The curse toe calls on the powers of darkness!
Your body is wracked with pain!
* * * LOW HITPOINT WARNING * * *
Unknown command.
You mangle Gloorx Vloq!! Your kick misses Gloorx Vloq.
Your claw misses Gloorx Vloq.
Gloorx Vloq is lightly wounded.
You feel sick. Gloorx Vloq gestures at you.
The foul vapour engulfs you but does no damage.
The royal mummy mumbles some strange words.
Magic scrolls do not work when you're silenced!
You eviscerate Gloorx Vloq!!! Your kick misses Gloorx Vloq.
Gloorx Vloq is moderately wounded.
You are engulfed in dark miasma.
You are more poisoned.
You feel as though you will be slow longer.
* * * LOW HITPOINT WARNING * * *
You feel very sick.
Gloorx Vloq gestures.
The curse toe gestures.
You eviscerate Gloorx Vloq!!! You claw Gloorx Vloq. You claw Gloorx Vloq!
Gloorx Vloq is heavily wounded.
You are engulfed in dark miasma.
You are more poisoned.
You feel as though you will be slow longer.
* * * LOW HITPOINT WARNING * * *
x2 You feel extremely sick.
The Executioner disappears in a puff of smoke! x2
Gloorx Vloq hits you!
* * * LOW HITPOINT WARNING * * *
The Executioner hits you but does no damage. x3
Unknown command.
You eviscerate Gloorx Vloq!!! Your claw misses Gloorx Vloq.
Gloorx Vloq is heavily wounded.
You are engulfed in dark miasma.
You are more poisoned.
* * * LOW HITPOINT WARNING * * *
You die...

****** # *,,,,*
▓▓▓▓▓▓▓▓▓▓▓▓▓▓▓▓▓▓▓▓▓▓▓▓
#**,,,,**▓..Mz1&@§f'..♣♣.....♣♣..
#,,,,,,,,▓..BBV▓11f▓.♣♣.^♣...♣♣^.
#,,,,,,,,▓..BB,▓.▓▓▓.♣♣..♣♣..♣♣..
##⌠,,,,*+▓▓▓.,,▓...▓.♣♣..♣♣..♣...
≈##,,,,*,,*▓▓+▓▓▓▓.▓.♣...♣♣..^...
≈≈##++##,,,+...▓0..▓.....▓▓▓▓▓▓▓▓
≈##≈...###,#○..▓▓▓▓▓▓▓▓▓▓▓▓▓▓▓▓▓.
##)§.....###°..▓§§≈≈≈≈≈§▓▓▓).^.▓.
#####....#.##:|▓▓▓▓▓▓▓▓▓▓▓▓)▓▓.▓.


You could see Gloorx Vloq (unsilenced), a royal mummy, a curse toe (unsilenced),
a vampire knight, 3 Executioners, 2 deathcaps and 4 death scarabs.

Vanquished Creatures
  A bone dragon (D)
  2 golden dragons (D)
  A hellephant (D)
  A deep elf blademaster (D)
  A deep elf master archer (D)
  3 quicksilver dragons (D)
  A kraken (D)
  Gastronok (D)
  2 sphinxes (D)
  Kirke (D)
  2 storm dragons (D)
  A cacodemon (D)
  A draconian knight (D)
  A frost giant (D)
  A draconian shifter (D)
  A dire elephant (D)
  3 lorocyprocas (D)
  A crystal guardian (D)
  A yaktaur captain (D)
  2 boulder beetles (D)
  A deep elf high priest (D)
  A centaur warrior (D)
  A death yak (D)
  An iron elemental (D)
  2 hell hogs (D)
  Sonja (D)
  A skeletal warrior (D)
  2 death drakes (D)
  3 sixfirhies (D)
  2 deep trolls (D)
  A glowing orange brain (D)
  An orange crystal statue (D)
  A harpy (D)
  3 orc sorcerers (D)
  2 shining eyes (D)
  3 manticores (D)
  An oklob plant (D)
  2 toenail golems (D)
  An ice statue (D)
  An eye of devastation (D)
  A kobold demonologist (D)
  An unseen horror (D)
  A yaktaur (D)
  3 polar bears (D)
  18 flying skulls (D)
  5 wyverns (D)
  Menkaure (D)
  2 redbacks (D)
  A floating eye (D)
  4 water moccasins (D)
  2 swamp drakes (D)
  3 black bears (D)
  5 necrophages (D)
  A scorpion (D)
  9 electric eels (D)
  An iron imp (D)
  A jelly (D)
  3 worms (D)
  A spectral bat (D)
  A spectral quokka (D)
  5 tentacles (D)
128 creatures vanquished.

Vanquished Creatures (collateral kills)
  Roxanne (D)
  A great orb of eyes (D)
  13 shining eyes (D)
  An elephant (D)
  9 floating eyes (D)
25 creatures vanquished.

Vanquished Creatures (others)
  An unseen horror (D)
  A hornet (D)
  2 ballistomycete spores (D)
  10 tentacles (D)
14 creatures vanquished.

Grand Total: 167 creatures vanquished

Notes
Turn   | Place    | Note
-------+----------+-------------------------------------------
     0 | D        | manyhoops the Troll Berserker began the quest for the Orb.
     0 | D        | Reached XP level 1. HP: 22/22 MP: 0/0
    14 | D        | Reached skill level 4 in Unarmed Combat
    18 | D        | Reached ** piety under Trog
    19 | D        | Reached XP level 2. HP: 31/31 MP: 1/1
    66 | D        | Noticed a boulder beetle
    66 | D        | Noticed a boulder beetle
    69 | D        | Noticed a necrophage
    69 | D        | Noticed a necrophage
    69 | D        | Noticed a necrophage
    69 | D        | Noticed a necrophage
    74 | D        | Killed a necrophage
    75 | D        | Reached skill level 5 in Fighting
    75 | D        | Reached skill level 6 in Unarmed Combat
    75 | D        | Reached XP level 3. HP: 42/42 MP: 2/2
    75 | D        | Reached XP level 4. HP: 50/50 MP: 3/3
    75 | D        | Killed a necrophage
    76 | D        | Reached skill level 7 in Unarmed Combat
    81 | D        | Killed a necrophage
    82 | D        | Reached skill level 9 in Unarmed Combat
    82 | D        | Reached XP level 5. HP: 61/61 MP: 4/4
    84 | D        | Reached *** piety under Trog
   124 | D        | Noticed a wyvern
   124 | D        | Noticed a wyvern
   126 | D        | Killed a wyvern
   127 | D        | Reached skill level 11 in Unarmed Combat
   127 | D        | Reached XP level 6. HP: 72/72 MP: 5/5
   132 | D        | Killed a wyvern
   133 | D        | Reached skill level 12 in Unarmed Combat
   133 | D        | Reached XP level 7. HP: 81/81 MP: 6/6
   197 | D        | Found Ufoil's Distillery.
   197 | D        | Found Wyghiala's Book Boutique.
   197 | D        | Found Sisolasy's Book Shop.
   197 | D        | Found Hayb's Jewellery Boutique.
   197 | D        | Found Toxtic's Jewellery Boutique.
   197 | D        | Found Toiff's Magic Scroll Boutique.
   198 | D        | Found Nyddid's Antique Armour Shop.
   198 | D        | Found Nyheol's Antique Weapon Boutique.
   198 | D        | Found Addiophi's Antique Weapon Shop.
   199 | D        | Found Maenaq's Magic Scroll Boutique.
   201 | D        | Found Tocemon's Distillery.
   201 | D        | Found Wotrom Nyonk's Antique Armour Shop.
   201 | D        | Noticed Menkaure
   201 | D        | Noticed an oklob plant
   202 | D        | Found Diosuor's Assorted Antiques.
   202 | D        | Found Galatiwk's Jewellery Boutique.
   202 | D        | Found Megrunoe's Book Shoppe.
   202 | D        | Noticed a manticore
   216 | D        | Killed Menkaure
   216 | D        | Reached **** piety under Trog
   234 | D        | Noticed a manticore
   235 | D        | Bought a cloak for 103 gold pieces
   241 | D        | Noticed a redback
   246 | D        | Bought a potion of might for 56 gold pieces
   249 | D        | Bought the ring "Alomibb" {rN+ AC+4} for 519 gold pieces
   281 | D        | Killed a boulder beetle
   282 | D        | Reached skill level 15 in Unarmed Combat
   282 | D        | Reached XP level 8. HP: 64/93 MP: 7/7
   345 | D        | Killed a boulder beetle
   346 | D        | Reached skill level 10 in Fighting
   346 | D        | Reached skill level 16 in Unarmed Combat
   388 | D        | Identified Roxanne's Compendium of Transmigration
   388 | D        | Noticed Roxanne
   404 | D        | Found a glowing silver altar of Zin.
   405 | D        | Found a glowing golden altar of the Shining One.
   405 | D        | Found a basalt altar of Yredelemnul.
   405 | D        | Found a hide-covered altar of Uskayaw.
   405 | D        | Found a radiant altar of Vehumet.
   406 | D        | Found a shimmering altar of Xom.
   406 | D        | Found a bloodstained altar of Trog.
   406 | D        | Found a burning altar of Makhleb.
   406 | D        | Found a sparkling altar of Nemelex Xobeh.
   407 | D        | Found an ornate altar of the Wu Jian Council.
   407 | D        | Found a shimmering blue altar of Sif Muna.
   407 | D        | Found a corrupted altar of Lugonu.
   407 | D        | Found a blossoming altar of Fedhas.
   408 | D        | Found an iron altar of Okawaru.
   408 | D        | Found an opulent altar of Gozag.
   409 | D        | Found a sacrificial altar of Ru.
   409 | D        | Found an ancient bone altar of Kikubaaqudgha.
   409 | D        | Found a white marble altar of Elyvilon.
   410 | D        | Noticed a polar bear
   410 | D        | Noticed a polar bear
   410 | D        | Noticed a hornet
   427 | D        | Killed a polar bear
   428 | D        | Reached XP level 9. HP: 101/101 MP: 8/8
   478 | D        | Noticed a yaktaur
   479 | D        | Noticed a polar bear
   500 | D        | Killed a polar bear
   501 | D        | Reached skill level 17 in Unarmed Combat
   504 | D        | Killed a polar bear
   504 | D        | Reached ***** piety under Trog
   508 | D        | Killed a yaktaur
   509 | D        | Reached skill level 18 in Unarmed Combat
   585 | D        | Bought a scroll of blinking for 75 gold pieces
   585 | D        | Bought a scroll of fog for 20 gold pieces
   590 | D        | Bought a scroll of blinking for 97 gold pieces
   594 | D        | Bought a potion of heal wounds for 120 gold pieces
   601 | D        | Bought a potion of lignification for 42 gold pieces
   603 | D        | Noticed a manticore
   694 | D        | Found a stormy altar of Qazlal.
   694 | D        | Found a viscous altar of Jiyva.
   694 | D        | Found a shadowy altar of Dithmenos.
   695 | D        | Found a hazy altar of Hepliaklqana.
   695 | D        | Found a snail-covered altar of Cheibriados.
   706 | D        | Noticed a kraken
   910 | D        | Killed a kraken
   911 | D        | Reached skill level 19 in Unarmed Combat
   911 | D        | Reached XP level 10. HP: 111/111 MP: 9/9
   931 | D        | Reached skill level 20 in Unarmed Combat
   981 | D        | Noticed a deep troll
   981 | D        | Noticed a deep troll
   986 | D        | Killed a deep troll
   990 | D        | Killed a deep troll
   990 | D        | Received a gift from Trog
   991 | D        | Reached skill level 21 in Unarmed Combat
  1026 | D        | Noticed a sphinx
  1026 | D        | Noticed a sphinx
  1031 | D        | Killed a sphinx
  1037 | D        | Killed a sphinx
  1038 | D        | Reached skill level 22 in Unarmed Combat
  1146 | D        | Noticed Kirke
  1146 | D        | Noticed a yaktaur captain
  1150 | D        | Noticed a centaur warrior
  1154 | D        | Noticed a skeletal warrior
  1160 | D        | Killed a yaktaur captain
  1161 | D        | Reached XP level 11. HP: 86/120 MP: 10/10
  1164 | D        | Killed a centaur warrior
  1164 | D        | Identified the +11 great sword of Spontaneous Combustion
                  | {vorpal, rC+ Stlth+} (Trog gifted it to you in the Dungeon)
  1164 | D        | Received a gift from Trog
  1165 | D        | Reached skill level 23 in Unarmed Combat
  1172 | D        | Killed Kirke
  1175 | D        | Killed a skeletal warrior
  1176 | D        | Reached skill level 24 in Unarmed Combat
  1180 | D        | Noticed a shining eye
  1197 | D        | Noticed a shining eye
  1210 | D        | Noticed a shining eye
  1214 | D        | Killed a shining eye
  1215 | D        | Killed a shining eye
  1221 | D        | Killed a shining eye
  1355 | D        | Bought a +6 ring of strength for 643 gold pieces
  1358 | D        | Bought a scroll of identify for 48 gold pieces
  1358 | D        | Bought a scroll of fog for 48 gold pieces
  1358 | D        | Identified a scroll of acquirement
  1359 | D        | Acquired the ring of Xoimun {Contam rC+ rN+ Str+5 Int+6}
  1397 | D        | Noticed a great orb of eyes
  1397 | D        | Noticed a hell hog
  1404 | D        | Noticed a death yak
  1408 | D        | Noticed a hell hog
  1412 | D        | Killed a death yak
  1413 | D        | Killed a hell hog
  1416 | D        | Killed a hell hog
  1417 | D        | Reached skill level 5 in Dodging
  1418 | D        | Killed a great orb of eyes
  1463 | D        | Found Juabul's Antique Weapon Emporium.
  1463 | D        | Found Natamm's Jewellery Shop.
  1464 | D        | Found Ittus's Weapon Shop.
  1464 | D        | Found Deagroich's Book Shoppe.
  1464 | D        | Found Upetiutt's Armour Boutique.
  1464 | D        | Found Bajuume's Weapon Emporium.
  1464 | D        | Found Tenaov's Book Shop.
  1464 | D        | Found Diunahue's General Store.
  1464 | D        | Found Baobamm's Armour Boutique.
  1464 | D        | Found Hitinlea's Antique Armour Emporium.
  1464 | D        | Found Qideoh's Magic Scroll Shop.
  1464 | D        | Found Hiprup's Book Shoppe.
  1469 | D        | Bought a scroll of fear for 35 gold pieces
  1469 | D        | Bought a scroll of fear for 35 gold pieces
  1484 | D        | Bought a +2 robe of fire resistance for 212 gold pieces
  1497 | D        | Bought a scroll of blinking for 105 gold pieces
  1522 | D        | HP: 6/124 [electric eel/bolt of electricity (10)]
  1522 | D        | HP: 2/124 [electric eel/bolt of electricity (4)]
  1605 | D        | Noticed a cacodemon
  1605 | D        | Noticed a storm dragon
  1605 | D        | Noticed a golden dragon
  1606 | D        | Noticed a frost giant
  1632 | D        | Killed a golden dragon
  1633 | D        | Reached XP level 12. HP: 136/136 MP: 11/11
  1636 | D        | Killed a storm dragon
  1642 | D        | Killed a frost giant
  1642 | D        | Identified the +10 quarterstaff of Femnoril {vorpal, +Blink
                  | rElec Str+2 Int-4} (Trog gifted it to you in the Dungeon)
  1642 | D        | Received a gift from Trog
  1646 | D        | Killed a cacodemon
  1649 | D        | Noticed a deep elf high priest
  1657 | D        | Killed a deep elf high priest
  1658 | D        | Reached skill level 10 in Dodging
  1722 | D        | Noticed a bone dragon
  1736 | D        | Killed a bone dragon
  1804 | D        | Received a gift from Trog
  1826 | D        | Noticed a storm dragon
  1834 | D        | Killed a storm dragon
  1854 | D        | Acquired 1130 gold pieces
  1860 | D        | Found Lucic's Jewellery Boutique.
  1860 | D        | Found Begin's Magic Scroll Shoppe.
  1860 | D        | Found Weradiz's Book Shop.
  1860 | D        | Found Coycw's Assorted Antiques.
  1860 | D        | Noticed a golden dragon
  1868 | D        | Killed a golden dragon
  1873 | D        | Bought a scroll of blinking for 82 gold pieces
  1873 | D        | Bought a scroll of fog for 22 gold pieces
  1908 | D        | Bought the amulet of Zaolip {rC+ rN+++ Regen+ rCorr} for
                  | 847 gold pieces
  1923 | D        | Acquired a manual of Dodging
  1927 | D        | Acquired 813 gold pieces
  1937 | D        | Bought a scroll of identify for 28 gold pieces
  1937 | D        | Bought a scroll of identify for 28 gold pieces
  1937 | D        | Bought a scroll of fear for 49 gold pieces
  1937 | D        | Bought a scroll of silence for 105 gold pieces
  1942 | D        | Bought a scroll of fog for 20 gold pieces
  1988 | D        | Bought 2 potions of haste for 220 gold pieces
  1988 | D        | Bought a potion of mutation for 88 gold pieces
  1988 | D        | Bought a potion of might for 44 gold pieces
  2008 | D        | HP: 6/140 [Roxanne/bolt of magma (46)]
  2011 | D        | Killed Roxanne
  2012 | D        | Reached skill level 15 in Fighting
  2055 | D        | Found Videtil's Armour Boutique.
  2066 | D        | Noticed a black draconian knight
  2070 | D        | Reached skill level 1 in Armour
  2073 | D        | Noticed the 27-headed Lernaean hydra
  2109 | D        | Reached skill level 5 in Armour
  2109 | D        | Reached XP level 13. HP: 149/149 MP: 12/12
  2110 | D        | Received a gift from Trog
  2159 | D        | Killed a black draconian knight
  2183 | D        | Acquired a manual of Armour
  2232 | D        | Noticed a crystal guardian
  2250 | D        | Killed a crystal guardian
  2250 | D        | Received a gift from Trog
  2395 | D        | Reached skill level 10 in Armour
  2399 | D        | Received a gift from Trog
  2427 | D        | Reached ****** piety under Trog
  2436 | D        | Noticed a deep elf master archer
  2464 | D        | Killed a deep elf master archer
  2581 | D        | Bought a scroll of blinking for 97 gold pieces
  2581 | D        | Bought a scroll of identify for 26 gold pieces
  2680 | D        | Received a gift from Trog
  2701 | D        | Reached skill level 15 in Dodging
  2766 | D        | Found Kuzxei's Book Shoppe.
  2808 | D        | Received a gift from Trog
  2824 | D        | Noticed Gastronok
  2829 | D        | Killed Gastronok
  2829 | D        | Received a gift from Trog
  2942 | D        | Noticed a dire elephant
  2949 | D        | Killed a dire elephant
  2965 | D        | Received a gift from Trog
  2973 | D        | Identified the ring "Anohimm" {rN+++ rCorr Str+4 Dex-2
                  | Stlth+}
  3015 | D        | Identified the ring "Ecuarph" {rElec rF+ Str-2 Int+6 SInv}
  3049 | D        | Gained mutation: You are weak. (Str -2) [mutagenic glow]
  3080 | D        | Reached skill level 15 in Armour
  3087 | D        | Noticed a deep elf blademaster
  3097 | D        | Killed a deep elf blademaster
  3200 | D        | Received a gift from Trog
  3302 | D        | Noticed a purple draconian shifter
  3302 | D        | Noticed Sonja
  3302 | D        | Noticed a hellephant
  3312 | D        | Killed a hellephant
  3313 | D        | Received a gift from Trog
  3315 | D        | Killed Sonja
  3316 | D        | Reached XP level 14. HP: 159/159 MP: 13/13
  3322 | D        | Killed a purple draconian shifter
  3393 | D        | Gained mutation: You occasionally lose the ability to drink
                  | potions when taking damage. [a shining eye]
  3394 | D        | Paralysed by a floating eye for 4 turns
  3394 | D        | Gained mutation: You are frail. (-10% HP) [a shining eye]
  3395 | D        | Gained mutation: You sometimes lose the ability to drink
                  | potions when taking damage. [a shining eye]
  3399 | D        | Paralysed by a floating eye for 4 turns
  3400 | D        | Gained mutation: Armour fits poorly on your strangely
                  | shaped body. [a shining eye]
  3402 | D        | Received a gift from Trog
  3405 | D        | Gained mutation: You sometimes lose your temper in combat.
                  | [a shining eye]
  3407 | D        | Gained mutation: You have an uncontrollable temper. [a
                  | shining eye]
  3629 | D        | Lost mutation: You are frail. (-10% HP) [potion of
                  | mutation]
  3629 | D        | Lost mutation: You sometimes lose the ability to drink
                  | potions when taking damage. [potion of mutation]
  3629 | D        | Gained mutation: You have large cloven feet. [potion of
                  | mutation]
  3629 | D        | Gained mutation: You expend magic power (3 MP) to
                  | strengthen your wands. [potion of mutation]
  3630 | D        | Lost mutation: You have large cloven feet. [potion of
                  | mutation]
  3630 | D        | Lost mutation: You have an uncontrollable temper. [potion
                  | of mutation]
  3630 | D        | Gained mutation: You heal very quickly. [potion of
                  | mutation]
  3631 | D        | Lost mutation: You expend magic power (3 MP) to strengthen
                  | your wands. [potion of mutation]
  3631 | D        | Lost mutation: You sometimes lose your temper in combat.
                  | [potion of mutation]
  3631 | D        | Lost mutation: You are weak. (Str -2) [potion of mutation]
  3631 | D        | Gained mutation: You are frail. (-10% HP) [potion of
                  | mutation]
  3631 | D        | Gained mutation: Your spells are a little harder to cast,
                  | but a little more powerful. [potion of mutation]
  3632 | D        | Lost mutation: Your spells are a little harder to cast, but
                  | a little more powerful. [potion of mutation]
  3632 | D        | Lost mutation: You are frail. (-10% HP) [potion of
                  | mutation]
  3632 | D        | Gained mutation: You have a pair of small antennae on your
                  | head. [potion of mutation]
  3633 | D        | Lost mutation: You occasionally lose the ability to drink
                  | potions when taking damage. [potion of mutation]
  3633 | D        | Lost mutation: You heal very quickly. [potion of mutation]
  3633 | D        | Gained mutation: You passively map a small area around you.
                  | [potion of mutation]
  3633 | D        | Gained mutation: A frigid envelope surrounds you and
                  | freezes all who hurt you. [potion of mutation]
  3634 | D        | Lost mutation: You have a pair of small antennae on your
                  | head. [potion of mutation]
  3634 | D        | Lost mutation: Armour fits poorly on your strangely shaped
                  | body. [potion of mutation]
  3634 | D        | Gained mutation: Potions are less effective at restoring
                  | your health. [potion of mutation]
  3634 | D        | Gained mutation: Your system is resistant to poisons.
                  | (rPois) [potion of mutation]
  3634 | D        | Gained mutation: You are somewhat resistant to further
                  | mutation. [potion of mutation]
  3635 | D        | Lost mutation: Your system is resistant to poisons. (rPois)
                  | [potion of mutation]
  3635 | D        | Lost mutation: You passively map a small area around you.
                  | [potion of mutation]
  3635 | D        | Gained mutation: You are partially covered in iridescent
                  | scales. (AC +2) [potion of mutation]
  3636 | D        | Lost mutation: Potions are less effective at restoring your
                  | health. [potion of mutation]
  3636 | D        | Lost mutation: A frigid envelope surrounds you and freezes
                  | all who hurt you. [potion of mutation]
  3636 | D        | Lost mutation: You are partially covered in iridescent
                  | scales. (AC +2) [potion of mutation]
  3636 | D        | Gained mutation: Armour fits poorly on your strangely
                  | shaped body. [potion of mutation]
  3637 | D        | Lost mutation: You are somewhat resistant to further
                  | mutation. [potion of mutation]
  3637 | D        | Lost mutation: Armour fits poorly on your strangely shaped
                  | body. [potion of mutation]
  3637 | D        | Gained mutation: You have hidden genetic potential. [potion
                  | of mutation]
  3637 | D        | Gained mutation: You have sharp toenails. [potion of
                  | mutation]
  3686 | D        | Received a gift from Trog
  3790 | D        | Noticed a quicksilver dragon
  3790 | D        | Noticed a quicksilver dragon
  3796 | D        | Killed a quicksilver dragon
  3799 | D        | Killed a quicksilver dragon
  3905 | D        | Noticed a quicksilver dragon
  3913 | D        | Killed a quicksilver dragon
  4052 | D        | Noticed a royal mummy
  4052 | D        | Noticed a curse toe
  4052 | D        | Noticed Gloorx Vloq
  4052 | D        | Noticed a vampire knight
  4053 | D        | Noticed an Executioner
  4053 | D        | Noticed an Executioner
  4058 | D        | Noticed an Executioner
  4058 | D        | Noticed an Executioner
  4058 | D        | Noticed an Executioner
  4058 | D        | Noticed an Executioner
  4058 | D        | HP: 8/161 [Gloorx Vloq (15)]
  4059 | D        | Succumbed to Gloorx Vloq's dark miasma

Illustrated notes

Levels and vault maps discovered:
D:        the_violet_keep_of_menkaure [sprint2_stairs_cluster_1,
          sprint2_shoproom, sprint2_temple, sprint2_basic_supplies,
          sprint2_obstacle_6, sprint2_obstacle_1, sprint2_obstacle_7,
          sprint2_obstacle_2, sprint2_obstacle_4, sprint2_timed_cluster_1,
          sprint2_smallroom_cluster_1, sprint2_smallroom_final_cluster_1,
          sprint2_transparent_cluster_1, sprint2_second_timed_cluster_1,
          sprint2_sniper_area_1, sprint2_heavy_combat_area_1,
          sprint2_mutation_trap_area_1, sprint2_forest_area_1,
          sprint2_light_combat_area_1, sprint2_behind_water_1,
          sprint2_near_end_vault_1]

Skill      XL: |  1  2  3  4  5  6  7  8  9 10 11 12 13 14 |
---------------+-------------------------------------------+-----
Fighting       | 3 5 6 7 8 9 10 11 13 15 | 15.7
Unarmed Combat | 4 6 9 11 12 15 16 19 22 24 | 24.9
Dodging        | 7 13 17 18 | 18.1
Armour         | 5 16 18 | 18.4

Action                   |  1- 3 |  4- 6 |  7- 9 | 10-12 | 13-15 || total
-------------------------+-------+-------+-------+-------+-------++-------
Melee: Unarmed           |    15 |    16 |    43 |   115 |   194 ||   383
       Punch             |       |       |     3 |    18 |    25 ||    46
       Kick              |       |       |       |       |     8 ||     8
Invok: Berserk           |     2 |     1 |     5 |     7 |     3 ||    18
       Trog's Hand       |       |       |     1 |     7 |     3 ||    11
       Brothers in Arms  |       |       |       |     7 |     5 ||    12
  Use: Potion            |       |       |     2 |     6 |    20 ||    28
       Scroll            |       |       |     4 |    10 |     6 ||    20
Armor: Animal skin       |     1 |       |    12 |    16 |       ||    29
       Storm dragon scal |       |       |       |    14 |    67 ||    81
       Robe              |       |       |       |     2 |       ||     2
       Quicksilver drago |       |       |       |       |    11 ||    11
Dodge: Dodged            |     2 |     8 |    18 |    37 |    58 ||   123

Table legend: (Time is in decaauts)
 A = Elapsed time spent in this place.
 B = Non-inter-level travel time spent in this place.
 C = Inter-level travel time spent in this place.
 D = Time resting spent in this place.
 E = Time spent auto-exploring this place.
 F = Levels seen in this place.
 G = Mean time per level.
                   A        B        C        D        E       F      G
               +--------+--------+--------+--------+--------+-----+--------+
         Total |   4209 |   4154 |     55 |   1725 |      0 |   1 | 4209.0 |
       Dungeon |   4209 |   4154 |     55 |   1725 |      0 |   1 | 4209.0 |
               +--------+--------+--------+--------+--------+-----+--------+

Top non-repeatable levels by time:
       D: 4209 daAuts
